 Dungeon Crawl Stone Soup version 0.30.0-17-ge0270778cf (webtiles) character file.

Game seed: 16528158580314701343

20 RascalDebosk the Magician (level 3, -1/28 HPs)
             Began as a Djinni Warper on May 21, 2023.
             Slain by a phantom (4 damage)
             ... on level 2 of the Dungeon.
             The game lasted 00:06:17 (1090 turns).

RascalDebosk the Magician (Djinni Warper)           Turns: 1090, Time: 00:06:18

Health: -1/28      AC:  3    Str: 10    XL:     3   Next: 0%
Gold:   34         EV: 11    Int: 16    God:
                   SH:  0    Dex: 12

rFire   + + .        a - +0 falchion
rCold   x . .        (no shield)
rNeg    . . .        b - +0 leather armour
rPois   ∞            (no helmet)
rElec   .            (no cloak)
rCorr   .            (no gloves)
SInv    .            (boots unavailable)
Will    .....        (no amulet)
Stlth   +            (no ring)
HPRegen 0.24/turn    (no ring)
MPRegen 0.00/turn

%: infuse magic (-2 HP)
@: flying
A: sickness immunity, fire resistance 2, cold vulnerability 1, float, innate
caster, HP casting, extra vitality 1
a: no special abilities


You were on level 2 of the Dungeon.
You visited 1 branch of the dungeon, and saw 2 of its levels.

You collected 34 gold pieces.

Inventory:

Hand Weapons
 a - a +0 falchion (weapon)
Missiles
 d - 7 boomerangs of dispersal (quivered)
Armour
 b - a +0 leather armour (worn)
Scrolls
 c - a scroll of identify {unknown}
 e - a scroll of fear {unknown}
 f - a scroll of enchant armour {unknown}
 g - a scroll of blinking
 h - a scroll of teleportation {unknown}
Potions
 i - a potion of invisibility {unknown}


   Skills:
 - Level 2.0 Fighting
 - Level 1.7 Long Blades
 - Level 0.7 Throwing
 - Level 1.0 Armour
 - Level 2.1 Dodging
 * Level 3.1 Spellcasting


You knew the following spells:

 Your Spells              Type           Power      Damage    Failure   Level
a - Blink                 Tloc           24%        N/A       11%         2
b - Lesser Beckoning      Tloc           24%        N/A       11%         2
c - Vhi's Electric Charg  Tloc/Air       24%        N/A       21%         3
d - Teleport Other        Tloc           12%        N/A       21%         3
e - Manifold Assault      Tloc           12%        N/A       56%         4
f - Shock                 Conj/Air       48%        1d6       7%          1
Your spell library was empty.

Dungeon Overview and Level Annotations

Branches:
Dungeon (2/15)

Altars:
The Shining One

Shops:
D:1 *

Annotations:
D:1 exclusion: downstairs
D:2 Sigmund


Innate Abilities, Weirdness & Mutations

You are immune to sickness and miasma.
You are immune to poison.
Your flesh is very heat resistant. (rF++)
You are vulnerable to cold. (rC-)
You float through the air rather than walking.
You learn spells naturally, not from books.
Your magical power is your life essence.
You have superior vitality. (+4 MHP)


Message History

The puff of flame hits you. You resist.
You fly upwards.
Reactivating autopickup.
There is a stone staircase leading down here.
You are a level 2 Djinni Warper.
You are 75% of the way to level 3.
Play time: 00:05:03 (975 turns).
Zot will find you in 11013 turns if you stay in this branch and explore no new floors.
Okay, then.
HP restored.
There is an open door here.
There is a stone staircase leading down here.
You fly downwards.
Level annotation: Sigmund
There is a stone staircase leading up here.
You fly upwards.
Level annotation: exclusion: downstairs
There is a stone staircase leading down here.
There is an escape hatch in the floor here.
There is a stone staircase leading down here.
You fly downwards.
Level annotation: Sigmund
There is a stone staircase leading up here.
A kobold comes into view. It is wielding a +0 whip.
The kobold shouts!
A kobold comes into view. It is wielding a +0 whip.
The kobold shouts!
A phantom comes into view.
The kobold hits you with a +0 whip.
You hit the kobold.
The kobold is moderately wounded.
The kobold hits you with a +0 whip. x2
You hit the kobold but do no damage.
The kobold is moderately wounded.
The kobold barely misses you.
An endoplasm comes into view.
You barely miss the kobold.
The kobold is moderately wounded.
The kobold hits you but does no damage.
You closely miss the kobold.
The kobold is moderately wounded.
The endoplasm quivers.
The kobold hits you but does no damage.
You barely miss the kobold.
The kobold is moderately wounded.
The kobold hits you with a +0 whip. The kobold closely misses you.
You hit the kobold.
You kill the kobold!
You barely miss the kobold. The kobold closely misses you.
You barely miss the kobold. The kobold barely misses you.
You closely miss the kobold. The kobold closely misses you.
You completely miss the kobold. The kobold hits you with a +0 whip. x2
You hit the kobold.
You kill the kobold!
You hit the endoplasm but do no damage. The endoplasm freezes you.
You are frozen.
You feel a terrible chill!
You completely miss the endoplasm. The endoplasm freezes you.
You are frozen.
You feel a terrible chill!
* * * LOW HITPOINT WARNING * * *
You slash the endoplasm!
You kill the endoplasm!
The phantom closely misses you.
You have reached level 3!
Your experience leads to an increase in your attributes!
Increase (s)trength, (i)ntelligence, or (d)exterity?
You feel clever. x2
The power to cast Shock wells up from within.
Spell assigned to 'f'.
Cast which spell? (? or * to list)
Aiming: Shock (safe; 7% risk of failure)
Press: ? - help, Shift-Dir - straight line, f - phantom
Aim: a phantom (56% to hit)
The zap hits the phantom.
The phantom is moderately damaged.
* * * LOW HITPOINT WARNING * * *
The phantom barely misses you.
Casting: Shock (safe; 7% risk of failure)
Confirm with . or Enter, or press ? or * to list all spells.
Aiming: Shock (safe; 7% risk of failure)
Press: ? - help, Shift-Dir - straight line, f/p - phantom
Aim: a phantom (moderately damaged, 56% to hit)
The zap hits the phantom but does no damage.
The phantom is moderately damaged.
* * * LOW HITPOINT WARNING * * *
The phantom hits you.
* * * LOW HITPOINT WARNING * * *
Casting: Shock (safe; 7% risk of failure)
Confirm with . or Enter, or press ? or * to list all spells.
Aiming: Shock (safe; 7% risk of failure)
Press: ? - help, Shift-Dir - straight line, f/p - phantom
Aim: a phantom (moderately damaged, 56% to hit)
The zap misses the phantom.
* * * LOW HITPOINT WARNING * * *
The phantom hits you.
* * * LOW HITPOINT WARNING * * *
You barely miss the phantom.
The phantom is moderately damaged.
The phantom hits you.
You die...

##### ...# ... #.#
#.#######.##
..#####...@W......
........######...#
...####.# . #.#
#.# #<# ........#
....##### #.


You could see a phantom.

Vanquished Creatures
  A dart slug (D:1)
  2 endoplasms (D:2)
  2 giant cockroaches (D:1)
  3 goblins
  4 kobolds
  A ball python (D:1)
  A frilled lizard (D:2)
  2 rats (D:1)
16 creatures vanquished.

Notes
Turn   | Place    | Note
-------+----------+-------------------------------------------
     0 | D:1      | RascalDebosk the Djinni Warper began the quest for the Orb.
     0 | D:1      | RascalDebosk set off with the following spells memorised:
                  | Blink, Lesser Beckoning, Vhi's Electric Charge, Teleport
                  | Other, Manifold Assault.
     0 | D:1      | Reached XP level 1. HP: 18/18 MP: 0/0
   121 | D:1      | Reached XP level 2. HP: 22/23 MP: 0/0
   276 | D:1      | Found a faded altar of an unknown god.
   487 | D:1      | Reached skill level 3 in Spellcasting
   510 | D:1      | Found Cack's Assorted Antiques.
   819 | D:2      | Found a glowing golden altar of the Shining One.
   951 | D:2      | Noticed Sigmund
  1072 | D:2      | Noticed a phantom
  1087 | D:2      | Reached XP level 3. HP: 11/28 MP: 0/0
  1087 | D:2      | Learned a level 1 spell: Shock
  1090 | D:2      | Slain by a phantom

Illustrated notes

Levels and vault maps discovered:
D:1:      wander_arrival_fairy_ring, layout_basic, serial_forest,
          infiniplex_forest_clump_curved, infiniplex_forest_lined_2,
          infiniplex_forest_zigzag_1, infiniplex_forest_lined_2,
          infiniplex_forest_lined_room_2, infiniplex_forest_lined_1,
          shapermc_ecumenical_altar_mp_urbaneastern, serial_shops, shop
D:2:      layout_loops_ring, basic_altar, kennysheep_donut, uniq_sigmund

Skill      XL: |  1  2 |
---------------+-------+-----
Spellcasting   | 3 |  3.1
Fighting       | |  2.0
Long Blades    | |  1.7
Throwing       | |  0.7
Armour         | |  1.0
Dodging        | |  2.1

Action                     || total
---------------------------++-------
  Melee: Falchion          ||    68
   Cast: Shock             ||     3
   Stab: Sleeping          ||     1
 Armour: Leather armour    ||    17
  Dodge: Dodged            ||    38
